 Dungeon Crawl Stone Soup version 0.25.0-11-g1f837a76a1 (webtiles) character file.

Game seed: 14385450699558631835

66406 Ge0ff the Unseen (level 14, -9/70 HPs)
             Began as a Spriggan Enchanter on June 25, 2020.
             Was the Champion of Dithmenos.
             Killed from afar by Nikola (28 damage)
             ... with a chain lightning
             ... on level 1 of the Swamp.
             The game lasted 01:24:06 (25205 turns).

Ge0ff the Unseen (Spriggan Enchanter)              Turns: 25205, Time: 01:24:07

Health: -9/70      AC: 11    Str:  4    XL:     14   Next: 79%
Magic:  0/30       EV: 25    Int: 17    God:    Dithmenos [******]
Gold:   909        SH:  9    Dex: 15    Spells: 19/35 levels left

rFire    . . .     SeeInvis +   a - +11 rapier of the Wizarding Seeker {venom, +Inv rN+++ Int-3 Dex-3}
rCold    + . .     Gourm    .   G - +3 buckler {rC+}
rNeg     + + +     Faith    .   u - +4 troll leather armour
rPois    +         Spirit   +   (helmet restricted)
rElec    .         Reflect  .   Q - +2 cloak {rPois}
rCorr    .         Harm     .   (gloves unavailable)
MR       +++..                  (boots unavailable)
Stlth    ++++++++++             N - amulet of guardian spirit
HPRegen  0.61/turn              Y - ring of protection from magic {=R}
MPRegen  0.22/turn              x - ring of stealth

@: flying, wreathed by umbra, very quick
A: very small, unfitting armour, see invisible, herbivore, speed 3, slow
metabolism 2
a: Shadow Step, Shadow Form, Renounce Religion, Evoke Invisibility


You were on level 1 of the Swamp.
You worshipped Dithmenos.
Dithmenos was exalted by your worship.
You were not hungry.

You visited 5 branches of the dungeon, and saw 22 of its levels.
You also visited: Bailey.

You collected 2674 gold pieces.
You spent 1765 gold pieces at shops.

Inventory:

Hand Weapons
 a - the +11 rapier of the Wizarding Seeker (weapon) {venom, +Inv rN+++ Int-3 Dex-3}
   (You bought it in a shop on level 2 of the Orcish Mines)

   It poisons the flesh of those it strikes.
   It affects your intelligence (-3).
   It affects your dexterity (-3).
   It renders you almost immune to negative energy.
   It lets you turn invisible.
 b - a +6 dagger of electrocution
 h - the +5 dagger of Expedience {freeze, *Corrode rElec rPois rC+}
   (You bought it in a shop on level 2 of the Orcish Mines)

   It has been specially enchanted to freeze those struck by it, causing extra
   injury to most foes and up to half again as much damage against particularly
   susceptible opponents.
   It can also slow down cold-blooded creatures.
   It protects you from cold.
   It insulates you from electricity.
   It protects you from poison.
   It may corrode you when you take damage.
 y - a +3 scimitar of holy wrath
Missiles
 g - 2 throwing nets {=f}
 P - 39 boomerangs (quivered)
Armour
 p - a +1 robe of cold resistance
 u - a +4 troll leather armour (worn)
 D - a +2 buckler of protection
 G - a +3 buckler of cold resistance (worn)
 J - +0 swamp dragon scales
 O - a scarf of resistance
 Q - a +2 cloak of poison resistance (worn)
Jewellery
 s - an uncursed ring of fire
 t - an uncursed ring of resist corrosion
 x - a ring of stealth (right hand)
 N - an amulet of guardian spirit (around neck)
 V - an uncursed amulet of regeneration
 Y - a ring of protection from magic (left hand) {=R}
Wands
 c - a wand of clouds (7)
 d - a wand of digging (4)
 e - a wand of enslavement (9)
 f - a wand of flame (74)
 j - a wand of acid (12)
 k - a wand of iceblast (18)
Scrolls
 i - a scroll of identify
 m - 4 scrolls of magic mapping
 w - 6 scrolls of enchant armour
 B - 5 scrolls of blinking
 C - 10 scrolls of remove curse
 E - 3 scrolls of fear
 F - 2 scrolls of fog
 S - 2 scrolls of summoning
 T - 4 scrolls of teleportation
Potions
 o - 3 potions of ambrosia
 q - 11 potions of curing
 v - 4 potions of stabbing
 z - 2 potions of brilliance
 A - 3 potions of mutation
 H - a potion of haste {!q}
 I - a potion of invisibility
 K - 3 potions of magic {!q}
 L - 3 potions of lignification
 M - 4 potions of might
 R - 3 potions of resistance
 W - 6 potions of heal wounds {!q}
 X - a potion of flight
 Z - a potion of berserk rage {!q}
Miscellaneous
 U - a phantom mirror
Comestibles
 r - 28 rations


   Skills:
 + Level 6.8 Fighting
 + Level 10.2 Short Blades
 - Level 3.0 Armour
 + Level 13.0 Dodging
 + Level 15.3 Stealth
 - Level 3.0 Shields
 + Level 11.4 Spellcasting
 - Level 3.0 Conjurations
 - Level 12.0 Hexes
 - Level 7.0 Translocations
 - Level 3.0 Ice Magic
 * Level 9.5 Invocations
 + Level 6.2 Evocations


You had 19 spell levels left.
You knew the following spells:

 Your Spells              Type           Power        Failure   Level  Hunger
d - Tukima's Dance        Hex            ######..     1%          3    None
g - Apportation           Tloc           ####..       1%          1    None
k - Ensorcelled Hibernat  Hex/Ice        #####.       1%          2    None
m - Dazzling Flash        Conj/Hex       #####.       2%          3    None
t - Confusing Touch       Hex            ######..     1%          3    None
F - Cause Fear            Hex            ######....   1%          4    ##.....

Your spell library contained the following spells:

 Spells                   Type           Power        Failure   Level  Hunger
 Corona                   Hex            ######.      1%          1    None
 Slow                     Hex            ######..     1%          2    None
 Portal Projectile        Hex/Tloc       #####.       1%          3    None
 Gell's Gravitas          Tloc           ####......   3%          3    None
 Inner Flame              Hex/Fire       ####....     4%          3    None
 Spectral Weapon          Hex/Chrm       ####....     4%          3    None
 Shroud of Golubria       Chrm/Tloc      ###...       6%          2    None
 Leda's Liquefaction      Hex/Erth       ####......   14%         4    ##.....
 Animate Skeleton         Necr           N/A          17%         1    None
 Infusion                 Chrm           #...         17%         1    None
 Summon Small Mammal      Summ           #...         17%         1    None
 Metabolic Englaciation   Hex/Ice        #####.....   22%         5    #####..
 Song of Slaying          Chrm           #.......     26%         2    None
 Ozocubu's Armour         Chrm/Ice       ##......     28%         3    None
 Yara's Violent Unravell  Hex/Tmut       ####......   38%         5    #####..
 Ignite Poison            Fire/Tmut/Pois #.......     45%         3    None
 Petrify                  Tmut/Erth      #.......     86%         4    ##.....
 Fireball                 Conj/Fire      ##........   95%         5    #####..
 Iskenderun's Battlesphe  Conj/Chrm      ##......     95%         5    #####..
 Bolt of Magma            Conj/Fire/Erth ##........   97%         5    #####..
 Iron Shot                Conj/Erth      ##........   100%        6    ######.
 Starburst                Conj/Fire      ##........   100%        6    ######.
 Orb of Destruction       Conj           ###.......   100%        7    #######
 Ring of Flames           Chrm/Fire      #.........   100%        7    #######
 Spellforged Servitor     Conj/Summ      ##........   100%        7    #######
 Ignition                 Fire           #.........   100%        8    #######


Dungeon Overview and Level Annotations

Branches:
Dungeon (12/15)            Temple (1/1) D:7            Lair (6/6) D:9
  Swamp (1/4) Lair:3       Spider (0/4) Lair:2        Slime (0/5) Lair:6
    Orc (2/2) D:11            Elf (0/3) Orc:2        Bailey (visited)

Altars:
Ashenzari
Cheibriados
Dithmenos
Kikubaaqudgha
Nemelex Xobeh
Qazlal
Sif Muna
Trog
Vehumet
Wu Jian
Zin
The Shining One
Beogh
Jiyva

Shops:
D:4 =:([   D:7 (   D:8 [   D:11 ===   Orc:2 (!*}

Annotations:
D:4 Discord book!
D:11 wiz ring in shop
Swamp:1 Nikola


Innate Abilities, Weirdness & Mutations

You are very small and have problems with some larger weapons.
You are too small for most types of armour.
You have supernaturally acute eyesight. (SInv)
You are a herbivore.
You cover ground extremely quickly.
You need to consume almost no food.


Message History

Press: ? - help, Shift-Dir - straight line, f/p - Nikola
Aim: Nikola, wielding a +2 rapier of electrocution, wearing a +0 cloak and wearing a +0 pair of gloves (severely wounded, extremely poisoned, umbra)
The mass of ice explodes!
The iceblast engulfs Nikola!!
Nikola is severely wounded.
You hear an angry buzzing noise.
You hear a roar!
You hear an angry buzzing noise.
Evoke which item? (* to show all) (? for menu, Esc to quit)
Aiming: Iceblast
Press: ? - help, Shift-Dir - straight line, f/p - Nikola
Aim: Nikola, wielding a +2 rapier of electrocution, wearing a +0 cloak and wearing a +0 pair of gloves (severely wounded, extremely poisoned, umbra)
The mass of ice explodes!
The iceblast engulfs Nikola!!
Nikola is almost dead.
You hear a roar!
You hear an angry buzzing noise.
Nikola casts a spell.
You hear a mighty clap of thunder!
The lightning arc hits you!!
You emit a cloud of dark smoke.
The lightning arc hits Nikola.
The lightning arc hits you!!
* * * LOW HITPOINT WARNING * * *
The lightning arc hits Nikola.
The lightning arc hits you!!
You die...

♣≈≈≈....≈≈≈≈≈[ ≈≈.♣
♣♣♣♣...♣..≈≈≈≈..
....♣♣♣♣♣≈.≈♣♣....≈≈≈...
..≈...♣≈.≈..♣♣♣..≈≈≈≈≈..
.≈≈≈....≈≈.≈♣ ♣♣.≈≈≈≈≈..
. ≈≈..§≈≈≈.♣♣ ♣≈≈≈≈≈≈..
..≈ ≈.≈≈≈.♣♣♣♣♣♣♣♣♣...♣.
.....♣†≈§.....♣ ♣≈..♣♣
♣.≈@..§@≈≈≈≈≈.. ♣≈..♣♣
....≈.§§§≈$≈≈.. ♣♣♣≈≈♣
≈≈....≈..≈≈≈≈≈. ♣♣♣♣
≈......?♣♣♣.≈≈.
.≈≈..♣♣♣♣ ≈≈. ≈≈≈.. ♣♣
.≈.≈ ♣.♣♣


You could see Nikola (extremely poisoned).

Vanquished Creatures
  An orc warlord (Orc:2)
  A dire elephant (Lair:6)
  The ghost of Krehm the Lord of Darkness, a journeyman DsNe of Kikubaaqudgha (Lair:5)
  Harold (D:9)
  6 hydras
  2 catoblepae (Lair:4)
  A tengu warrior (D:11)
  3 death yaks (Lair:6)
  A centaur warrior (D:12)
  An anaconda (Lair:6)
  5 orc high priests (Orc:2)
  Pikel (D:8)
  A swamp dragon (Swamp:1)
  5 orc knights
  11 elephants
  4 orc sorcerers
  4 oklob plants (Lair:2)
  A cyclops (D:12)
  3 manticores
  4 black mambas
  An ugly thing (D:11)
  19 spiny frogs
  A centaur skeleton (D:12)
  A torpor snail (Lair:4)
  Maggie (D:9)
  2 rime drakes
  8 komodo dragons
  5 trolls
  A tengu conjurer (D:11)
  A polar bear (Lair:4)
  A jumping spider (Lair:2)
  A hornet (D:10)
  Grinder (D:6)
  A tyrant leech (Lair:3)
  12 blink frogs
  10 hippogriffs
  6 slime creatures (D:12)
  A spriggan (D:8)
  A wraith (D:12)
  29 yaks
  Sigmund (D:3)
  A wyvern (D:12)
  5 basilisks
  2 wargs
  3 hungry ghosts
  3 swamp worms
  14 water moccasins
  8 porcupines
  3 sky beasts
  A swamp drake (Swamp:1)
  3 slaves (D:7)
  34 orc warriors
  3 ice beasts
  3 phantoms
  10 ogres
  A black bear (D:6)
  8 centaurs
  8 wolves
  15 crocodiles
  4 big kobolds
  13 bullfrogs
  A wyvern zombie (D:10)
  A wyvern skeleton (D:8)
  3 scorpions
  A water moccasin skeleton (D:12)
  8 killer bees
  10 wights
  5 electric eels
  2 crimson imps
  2 bullfrog zombies
  3 centaur zombies
  27 orc priests
  4 hounds
  4 jellies
  3 bullfrog skeletons
  A gnoll shaman (D:10)
  17 orc wizards
  3 iguanas
  12 worker ants
  A hound zombie (D:5)
  2 worker ant zombies
  21 gnolls
  A howler monkey skeleton (D:4)
  11 adders
  2 shadow imps
  2 adder skeletons
  A worm (D:3)
  5 dart slugs
  6 leopard geckos
  81 orcs
  4 bats
  2 giant cockroaches
  36 goblins
  28 hobgoblins
  14 jackals
  7 quokkas
  9 frilled lizards
  15 kobolds
  A leopard gecko skeleton (D:5)
  A leopard gecko zombie (D:6)
  10 rats
  2 plants (Lair:6)
672 creatures vanquished.

Vanquished Creatures (collateral kills)
  An orc priest (Orc:2)
  An orc (Orc:2)
2 creatures vanquished.

Vanquished Creatures (others)
  2 dancing weapons (Orc:2)
  An orc wizard (D:7)
  2 fungi (Lair:3)
  8 plants
13 creatures vanquished.

Grand Total: 687 creatures vanquished

Notes
Turn   | Place    | Note
-------+----------+-------------------------------------------
     0 | D:1      | Ge0ff the Spriggan Enchanter began the quest for the Orb.
     0 | D:1      | Reached XP level 1. HP: 9/9 MP: 5/5
   317 | D:1      | Reached XP level 2. HP: 12/13 MP: 6/6
   346 | D:1      | Learned a level 2 spell: Ensorcelled Hibernation
   717 | D:1      | Reached XP level 3. HP: 16/16 MP: 2/8
   798 | D:1      | Learned a level 3 spell: Confusing Touch
  1635 | D:2      | Reached skill level 1 in Ice Magic
  1746 | D:2      | Reached skill level 5 in Stealth
  1746 | D:2      | Reached XP level 4. HP: 19/21 MP: 6/9
  2596 | D:3      | Reached skill level 5 in Hexes
  2677 | D:3      | Reached XP level 5. HP: 22/24 MP: 9/11
  3805 | D:4      | Noticed an ogre
  3815 | D:4      | Killed an ogre
  3815 | D:4      | Reached XP level 6. HP: 28/28 MP: 9/12
  3933 | D:4      | Found Vodiaqom's Weapon Boutique.
  3957 | D:4      | Reached skill level 6 in Stealth
  4154 | D:4      | Found Eguufami's Book Shoppe.
  4211 | D:4      | Found Yloany's Jewellery Boutique.
  4275 | D:4      | Found Hin Hebu's Armour Emporium.
  4346 | D:4      | Reached XP level 7. HP: 32/32 MP: 11/14
  4949 | D:5      | Entered Level 5 of the Dungeon
  5084 | D:5      | Reached skill level 7 in Stealth
  5309 | D:5      | Reached XP level 8. HP: 27/36 MP: 7/16
  5460 | D:5      | Found a glowing silver altar of Zin.
  5620 | D:5      | Reached skill level 5 in Spellcasting
  5879 | D:6      | Reached skill level 5 in Short Blades
  5997 | D:6      | Learned a level 3 spell: Tukima's Dance
  6001 | D:6      | Learned a level 3 spell: Dazzling Flash
  6193 | D:6      | Noticed Grinder
  6361 | D:6      | Found a sparkling altar of Nemelex Xobeh.
  6492 | D:6      | Reached skill level 5 in Dodging
  6775 | D:6      | Reached skill level 8 in Stealth
  6824 | D:6      | Killed Grinder
  6824 | D:6      | Reached skill level 1 in Conjurations
  7011 | D:7      | Reached XP level 9. HP: 39/39 MP: 15/18
  7143 | D:7      | Found a glowing golden altar of the Shining One.
  7145 | D:7      | Found an ornate altar of the Wu Jian Council.
  7330 | D:7      | Found a bloodstained altar of Trog.
  7517 | D:7      | Found Udiopnos's Antique Weapon Emporium.
  7520 | D:7      | Found a staircase to the Ecumenical Temple.
  7583 | Temple   | Entered the Ecumenical Temple
  7644 | Temple   | Became a worshipper of Dithmenos the Shadowed
  7780 | D:7      | Found a stormy altar of Qazlal.
  8077 | D:3      | Noticed Sigmund
  8080 | D:3      | Killed Sigmund
  8303 | D:3      | Reached * piety under Dithmenos
  8817 | D:8      | Noticed Pikel
  8898 | D:8      | Killed Pikel
  8898 | D:8      | Reached skill level 9 in Stealth
  8995 | D:8      | Found Vushrat's Armour Shop.
  9003 | D:8      | Bought a +2 cloak of poison resistance for 185 gold pieces
  9110 | D:8      | Reached ** piety under Dithmenos
  9122 | D:8      | Reached XP level 10. HP: 44/44 MP: 21/21
  9471 | D:8      | Found a radiant altar of Vehumet.
  9738 | D:9      | Found a staircase to the Lair.
  9804 | D:9      | Reached skill level 1 in Invocations
 10112 | D:9      | Reached skill level 1 in Fighting
 10139 | D:9      | Noticed Harold
 10161 | D:9      | Killed Harold
 10161 | D:9      | Reached skill level 10 in Hexes
 10476 | D:9      | Noticed Maggie
 10482 | D:9      | Killed Maggie
 10764 | D:10     | Entered Level 10 of the Dungeon
 10856 | D:10     | Reached skill level 10 in Stealth
 10927 | D:10     | Reached *** piety under Dithmenos
 11029 | D:10     | Found a flagged portal.
 11150 | Bailey   | Entered a bailey
 11819 | D:4      | Bought a book of Cantrips for 220 gold pieces
 11821 | D:4      | Learned a level 1 spell: Apportation
 12225 | D:11     | Reached skill level 1 in Armour
 12227 | D:11     | Reached skill level 1 in Translocations
 12234 | D:11     | Reached XP level 11. HP: 40/50 MP: 8/23
 12414 | D:11     | Noticed a brown ugly thing
 12423 | D:11     | Found Waasoasm's Jewellery Boutique.
 12451 | D:11     | Reached **** piety under Dithmenos
 12538 | D:11     | Found a staircase to the Orcish Mines.
 13013 | D:11     | Killed a brown ugly thing
 13049 | D:11     | Noticed a tengu warrior
 13059 | D:11     | Killed a tengu warrior
 13106 | D:11     | Found Zetojuaco's Jewellery Shoppe.
 13138 | D:11     | Found Toqis's Jewellery Shoppe.
 13794 | D:12     | Noticed a centaur warrior
 13803 | D:12     | Killed a centaur warrior
 13803 | D:12     | Reached skill level 10 in Short Blades
 13803 | D:12     | Reached skill level 11 in Stealth
 14046 | D:12     | Learned a level 4 spell: Cause Fear
 14241 | D:12     | Reached skill level 5 in Translocations
 14245 | D:12     | Reached ***** piety under Dithmenos
 14537 | Lair:1   | Entered Level 1 of the Lair of Beasts
 14697 | Lair:1   | Reached XP level 12. HP: 58/58 MP: 18/25
 15038 | Lair:1   | Reached skill level 10 in Dodging
 15482 | Lair:1   | Reached skill level 12 in Stealth
 15654 | Lair:2   | Noticed a six-headed hydra
 15656 | Lair:2   | Reached skill level 5 in Invocations
 15659 | Lair:2   | Killed a six-headed hydra
 16166 | Lair:2   | Found a hole to the Spider Nest.
 16730 | Lair:2   | Reached skill level 5 in Fighting
 17080 | Lair:3   | Reached skill level 10 in Spellcasting
 17093 | Lair:3   | Reached XP level 13. HP: 63/63 MP: 26/28
 17136 | Lair:3   | Reached skill level 1 in Shields
 17354 | Lair:3   | Found a staircase to the Swamp.
 17384 | Lair:3   | Reached skill level 13 in Stealth
 17890 | Lair:4   | Reached ****** piety under Dithmenos
 17929 | Lair:4   | Reached skill level 1 in Evocations
 18653 | Lair:4   | Reached skill level 14 in Stealth
 19357 | Lair:5   | Found a runed translucent door.
 19357 | Lair:5   | Noticed Krehm's ghost (journeyman DsNe)
 19397 | Lair:5   | Killed Krehm's ghost
 19759 | Lair:6   | Entered Level 6 of the Lair of Beasts
 19860 | Lair:6   | Found a viscous altar of Jiyva.
 19861 | Lair:6   | Found a staircase to the Slime Pits.
 19916 | Lair:6   | Reached XP level 14. HP: 69/69 MP: 24/29
 21809 | Orc:1    | Entered Level 1 of the Orcish Mines
 21867 | Orc:2    | Entered Level 2 of the Orcish Mines
 22117 | Orc:2    | Found a staircase to the Elven Halls.
 22185 | Orc:2    | Found a roughly hewn altar of Beogh.
 22277 | Orc:2    | Noticed an orc warlord
 22536 | Orc:2    | Reached skill level 5 in Evocations
 22623 | Orc:2    | Found a roughly hewn altar of Beogh.
 23032 | Orc:2    | Reached skill level 15 in Stealth
 23471 | Orc:2    | Noticed an orc warlord
 24472 | Orc:2    | Found Dajuh's Gadget Boutique.
 24475 | Orc:2    | Found Odagat's Distillery.
 24477 | Orc:2    | Found Rewep's Antique Weapon Boutique.
 24478 | Orc:2    | Found Jaje's Assorted Antiques.
 24487 | Orc:2    | Bought a polished dagger for 203 gold pieces
 24487 | Orc:2    | Bought an ancient rapier for 261 gold pieces
 24487 | Orc:2    | Identified the +5 dagger of Expedience {freeze, *Corrode
                  | rElec rPois rC+} (You bought it in a shop on level 2 of the
                  | Orcish Mines)
 24492 | Orc:2    | Identified the +11 rapier of the Wizarding Seeker {venom,
                  | +Inv rN+++ Int-3 Dex-3} (You bought it in a shop on level 2
                  | of the Orcish Mines)
 24505 | Orc:2    | Bought a potion of flight for 93 gold pieces
 24505 | Orc:2    | Bought a potion of invisibility for 248 gold pieces
 24511 | Orc:2    | Bought a potion of heal wounds for 65 gold pieces
 24511 | Orc:2    | Bought a potion of heal wounds for 65 gold pieces
 24511 | Orc:2    | Bought a potion of heal wounds for 65 gold pieces
 24584 | Orc:2    | Killed an orc warlord
 24939 | D:11     | Bought an uncursed amulet of guardian spirit for 360 gold
                  | pieces
 25124 | Swamp:1  | Entered Level 1 of the Swamp
 25199 | Swamp:1  | Noticed Nikola
 25205 | Swamp:1  | Killed from afar by Nikola

Illustrated notes

Levels and vault maps discovered:
D:1:      ebering_trefoil_3fold, layout_basic, st_stairs_5,
          minmay_split_cup_small
D:2:      layout_rooms
D:3:      minmay_goblin_kobold_castle, layout_basic,
          wad_floor_pattern_untrapped, uniq_sigmund
D:4:      layout_basic, first_ration, serial_shops, shop,
          nicolae_shop_statue_plus, shop_statue, shop
D:5:      layout_cave_pools, basic_altar
D:6:      layout_cave_pools, nicolae_overflow_hidden_temple, uniq_grinder
D:7:      layout_loops_ring, grunt_temple_overflow_diamond,
          nicolae_qazlal_eye_of_the_storm, minmay_temple_entry_statues,
          serial_shops, nicolae_shop_behind_doors
D:8:      layout_gridville, fiery_altar_vehumet, serial_shops, shop, the_bakery,
          hangedman_decor_clover_reticule, uniq_pikel
D:9:      layout_basic, lair_entry_dummy, uniq_harold, uniq_maggie
D:10:     layout_loops_cross, enter_bailey_3
D:11:     layout_irregular_city, orc_0_dummy, serial_shops, nicolae_shop_stone,
          shop_fountains, shop
D:12:     layout_loops_corners, small_chamber_with_monster
Temple:   nicolae_temple_elliptical
Lair:1:   layout_cave_pods, nzn_random_ring, serial_bayou_shore_a
Lair:2:   layout_cave_pods, spider_nest_entry_rubble, ldierk_geyser,
          st_stairs_10, lemuel_fruit_tree, minmay_lair_oklob_chamber,
          grunt_megastairs_1
Lair:3:   layout_roguey, minmay_swamp_entry_worms
Lair:4:   nzn_motion_control, layout_regular_city
Lair:5:   layout_cave_pods, hellmonk_ghost_happy_afterlife
Lair:6:   due_jungle_book, layout_regular_city, slime_altar_1, serial_bayou,
          serial_bayou_crossing, serial_bayou_pond_e, serial_bayou_lake_a,
          serial_bayou_pond_d
Swamp:1:  layout_basic_swamp, evilmike_swamp_ruin_house_2, uniq_nikola
Orc:1:    layout_diamond_mine, guppyfry_library_mini
Orc:2:    st_orc_pillars, layout_caves, basic_altar, minmay_orc_temple_a

Skill      XL: |  1  2  3  4  5  6  7  8  9 10 11 12 13 14 |
---------------+-------------------------------------------+-----
Hexes          | 4 5 6 7 8 9 10 11 12 | 12.0
Spellcasting   | 3 4 5 6 7 8 10 11 | 11.4
Ice Magic      | 1 2 3 |  3.0
Short Blades   | 2 3 4 6 7 9 10 | 10.2
Stealth        | 5 6 7 8 9 10 11 12 14 15 | 15.3
Dodging        | 5 6 8 9 11 12 13 | 13.0
Conjurations   | 1 2 3 |  3.0
Invocations    | 2 4 6 7 9 |  9.5
Fighting       | 2 3 5 6 |  6.8
Armour         | 1 2 3 |  3.0
Translocations | 1 5 7 |  7.0
Shields        | 3 |  3.0
Evocations     | 3 6 |  6.2

Action                   |  1- 3 |  4- 6 |  7- 9 | 10-12 | 13-15 || total
-------------------------+-------+-------+-------+-------+-------++-------
Melee: Dagger            |   135 |   131 |   289 |   382 |   311 ||  1248
       Rapier            |       |       |       |       |    41 ||    41
Throw: Dart              |       |     5 |     1 |     1 |     2 ||     9
       Boomerang         |       |       |    30 |    20 |    62 ||   112
 Cast: Corona            |     7 |       |       |       |       ||     7
       Ensorcelled Hiber |    22 |    42 |   101 |   178 |   235 ||   578
       Confusing Touch   |       |     2 |    11 |    14 |     4 ||    31
       Apportation       |       |       |       |       |     1 ||     1
       Tukima's Dance    |       |       |       |       |     7 ||     7
       Dazzling Flash    |       |       |       |       |     6 ||     6
Invok: Shadow Step       |       |       |       |       |     5 ||     5
 Abil: Evoke Invisibilit |       |       |       |       |     1 ||     1
Evoke: Wand              |       |       |       |     1 |     9 ||    10
  Use: Scroll            |    11 |     4 |     7 |    14 |     7 ||    43
       Potion            |       |       |       |     1 |     1 ||     2
 Stab: Sleeping          |    15 |    41 |    88 |   154 |   189 ||   487
       Distracted        |     1 |       |       |     1 |     3 ||     5
       Confused          |       |     4 |    14 |    13 |     6 ||    37
       Invisible         |       |       |       |     5 |    10 ||    15
  Eat: Ration            |       |     2 |     3 |     5 |     4 ||    14
Armor: Robe              |    15 |    10 |    18 |    15 |       ||    58
       Troll leather arm |       |       |       |    21 |    25 ||    46
Dodge: Dodged            |   129 |   114 |   235 |   335 |   181 ||   994
Block: Buckler           |       |       |       |     1 |    79 ||    80

Levels and vault maps discovered:
D:1:      ebering_trefoil_3fold, layout_basic, st_stairs_5,
          minmay_split_cup_small
D:2:      layout_rooms
D:3:      minmay_goblin_kobold_castle, layout_basic,
          wad_floor_pattern_untrapped, uniq_sigmund
D:4:      layout_basic, first_ration, serial_shops, shop,
          nicolae_shop_statue_plus, shop_statue, shop
D:5:      layout_cave_pools, basic_altar
D:6:      layout_cave_pools, nicolae_overflow_hidden_temple, uniq_grinder
D:7:      layout_loops_ring, grunt_temple_overflow_diamond,
          nicolae_qazlal_eye_of_the_storm, minmay_temple_entry_statues,
          serial_shops, nicolae_shop_behind_doors
D:8:      layout_gridville, fiery_altar_vehumet, serial_shops, shop, the_bakery,
          hangedman_decor_clover_reticule, uniq_pikel
D:9:      layout_basic, lair_entry_dummy, uniq_harold, uniq_maggie
D:10:     layout_loops_cross, enter_bailey_3
D:11:     layout_irregular_city, orc_0_dummy, serial_shops, nicolae_shop_stone,
          shop_fountains, shop
D:12:     layout_loops_corners, small_chamber_with_monster
Temple:   nicolae_temple_elliptical
Lair:1:   layout_cave_pods, nzn_random_ring, serial_bayou_shore_a
Lair:2:   layout_cave_pods, spider_nest_entry_rubble, ldierk_geyser,
          st_stairs_10, lemuel_fruit_tree, minmay_lair_oklob_chamber,
          grunt_megastairs_1
Lair:3:   layout_roguey, minmay_swamp_entry_worms
Lair:4:   nzn_motion_control, layout_regular_city
Lair:5:   layout_cave_pods, hellmonk_ghost_happy_afterlife
Lair:6:   due_jungle_book, layout_regular_city, slime_altar_1, serial_bayou,
          serial_bayou_crossing, serial_bayou_pond_e, serial_bayou_lake_a,
          serial_bayou_pond_d
Swamp:1:  layout_basic_swamp, evilmike_swamp_ruin_house_2, uniq_nikola
Orc:1:    layout_diamond_mine, guppyfry_library_mini
Orc:2:    st_orc_pillars, layout_caves, basic_altar, minmay_orc_temple_a
